[Event "Early-Titled-Tuesday-Blitz-February-27-2024"]
[Site "Chess.com"]
[Date "2024.02.27"]
[Round "2"]
[White "Pelusiansky"]
[Black "scarabee43"]
[Result "0-1"]
[WhiteElo "2592"]
[BlackElo "2879"]
[TimeControl "180+1"]
[EndTime "8:17:09 PST"]
[Termination "scarabee43 won by resignation"]

1. c4 Nf6 2. Nc3 e5 3. g3 Bb4 4. Bg2 O-O 5. e3 c6 6. Nge2 d5 7. cxd5 cxd5 8. a3 Bxc3 9. dxc3 Nc6 10. O-O e4 11. Nd4 Ne5 12. h3 b6 13. a4 Ba6 14.
Nb5 Qd7 15. Qd4 Nf3+ 16. Bxf3 exf3 17. Kh2 Bxb5 18. axb5 Qxb5 19. Kg1 Ne4 20. Qd1 Qd7 21. Qxf3 Qxh3 22. c4 Ng5 23. Qxd5 Qh5 24. Qh1 Qg4 25. Kg2 Qe4+ 26. f3 Qxc4 27. e4 Ne6 28. Be3 Qe2+ 29. Bf2 Qxb2 30. Qh5 Rfd8 31. Rh1 h6 32. Rad1 a5 33.
Rd5 a4 34. Rb5 Qc2 35. Rxb6 Rd2 36. Rf1 a3 37. Qb5 a2 38. Rb8+ Rd8 39. Rxd8+ Rxd8 40. Qa6 Rd2 41. Qa7 Qb2 42. Re1 Nd4 43. Rf1 a1=Q 44. Qxa1 Rxf2+ 45. Kh3 Qxa1 0-1

[Event "Early-Titled-Tuesday-Blitz-February-27-2024"]
[Site "Chess.com"]
[Date "2024.02.27"]
[Round "2"]
[White "MusicCityMaster"]
[Black "NovakCabarkapa"]
[Result "0-1"]
[WhiteElo "2564"]
[BlackElo "2821"]
[TimeControl "180+1"]
[EndTime "8:17:09 PST"]
[Termination "NovakCabarkapa won by resignation"]

1. d4 a6 2. e4 e6 3. Nc3 b5 4. Nf3 Bb7 5. Bd3 c5 6. O-O c4 7. Be2 b4 8. Na4 Bxe4 9. Bxc4 d5 10. Bb3 Bd6 11. Ng5 Nf6 12. Nc5 Bf5 13. Ba4+ Nbd7 14.
Nb7 Bxh2+ 15. Kxh2 Qc7+ 16. g3 Qxb7 17. a3 O-O 18. axb4 Qxb4 19. c3 Qc4 20. Rh1 h6 21. Nf3 Bg4 22. Bc2 Ne4 23. Kg2 Ndf6 24. Rh4 a5 25. Bd3 Qc6 26. Bf4 a4 27. Be5 Ng5 28. Rxg4 Nxg4 29. Nxg5 Nxe5 30. dxe5 hxg5 31. Qh5 d4+ 32.
f3 Rfd8 33. Rh1 Kf8 34. Qh8+ Ke7 35. Qxg7 dxc3 36. Qf6+ Kd7 37. Qxf7+ Kc8 38. Be4 Qd7 39. Qxd7+ Kxd7 40. Rc1 cxb2 41. Rd1+ Ke7 42. Rb1 a3 43.
Bxa8 Rxa8 0-1

[Event "Early-Titled-Tuesday-Blitz-February-27-2024"]
[Site "Chess.com"]
[Date "2024.02.27"]
[Round "2"]
[White "Happy1712Drummer"]
[Black "GodzillaChessYoutube"]
[Result "0-1"]
[WhiteElo "2396"]
[BlackElo "2670"]
[TimeControl "180+1"]
[EndTime "8:17:09 PST"]
[Termination "GodzillaChessYoutube won by resignation"]

1. e4 e5 2. Nf3 Nc6 3. d4 exd4 4. Nxd4 Bc5 5. Nb3 Bb6 6. Nc3 d6 7. Qe2 Nf6 8. Bg5 h6 9. Bh4 Nd4 10. Nxd4 Bxd4 11. Qd2 Be5 12. Bg3 Qe7 13. O-O-O Bd7 14. f4 Bxc3 15. Qxc3 O-O-O 16. Qa3 Nxe4 17. Qxa7 Bc6 18.
Be2 Nxg3 19. Bg4+ f5 20. Bh3 Ne2+ 21. Kb1 Qf6 22. Qa8+ Kd7 23. Qa3 Rhe8 24. Rhe1 Nxf4 25. Qb3 Nxh3 26. gxh3 Rxe1 27. Rxe1 Re8 28. Rd1 Qe6 29. Qg3 g5 30. b3 Qe5 31. Qd3 Be4 32. Qc4 b5 33.
Qf7+ Re7 34. Qg6 Qxh2 35. Qxh6 Qxc2+ 0-1

[Event "Early-Titled-Tuesday-Blitz-February-27-2024"]
[Site "Chess.com"]
[Date "2024.02.27"]
[Round "2"]
[White "DeArron_Fox"]
[Black "rhwr"]
[Result "1-0"]
[WhiteElo "2524"]
[BlackElo "2281"]
[TimeControl "180+1"]
[EndTime "8:17:09 PST"]
[Termination "DeArron_Fox won on time"]

1. d4 Nf6 2. c4 g6 3. Nc3 d5 4. cxd5 Nxd5 5. e4 Nxc3 6. bxc3 Bg7 7. Be3 c5 8. Qd2 cxd4 9. cxd4 O-O 10. Nf3 Nc6 11.
Rc1 Bg4 12. d5 Bxf3 13. gxf3 Ne5 14. Be2 a6 15. f4 Nd7 16. O-O Nf6 17. Bf3 Qd7 18.
e5 Nh5 19. Bxh5 gxh5 20. Kh1 Rad8 21. Rcd1 Kh8 22. Rg1 Qh3 23. Qe2 Qf5 24. Rg5 Qe4+ 25. f3 Qa4 26. Rdg1 Bh6 27. Rxh5 Bg7 28. Qg2 Rg8 29. Rg5 1-0

[Event "Early-Titled-Tuesday-Blitz-February-27-2024"]
[Site "Chess.com"]
[Date "2024.02.27"]
[Round "2"]
[White "LimeInTheCoconut"]
[Black "BeardedNM"]
[Result "1-0"]
[WhiteElo "2501"]
[BlackElo "2217"]
[TimeControl "180+1"]
[EndTime "8:17:09 PST"]
[Termination "LimeInTheCoconut won by checkmate"]

1. b3 e5 2. Bb2 Nc6 3. e3 Nf6 4. Bb5 Bd6 5. Na3 Na5 6. Be2 a6 7. Nf3 Qe7 8. Nb1 Nc6 9. d4 e4 10. Nfd2 h5 11. a3 h4 12. c4 h3 13. g4 b6 14. Nc3 Bb7 15. g5 Nh7 16. Ndxe4 Nxg5 17. Nxd6+ Qxd6 18. d5 Ne7 19. Qd4 O-O-O 20.
O-O-O f6 21. Qg4 Ng6 22. f4 Rh4 23. Qg1 Nxf4 24. exf4 Qxf4+ 25. Kb1 Re8 26. Bd3 Nf3 27. Qf2 c6 28. Ka2 cxd5 29. Nxd5 Bxd5 30. cxd5 Re3 31. Bxa6+ Kb8 32. Rhf1 Rg4 33. Qc2 Rg2 34. Qc8+ Ka7 35. Qb7# 1-0

[Event "Early-Titled-Tuesday-Blitz-February-27-2024"]
[Site "Chess.com"]
[Date "2024.02.27"]
[Round "2"]
[White "deribas12345"]
[Black "LiamPutnam2008"]
[Result "0-1"]
[WhiteElo "2558"]
[BlackElo "2807"]
[TimeControl "180+1"]
[EndTime "8:17:12 PST"]
[Termination "LiamPutnam2008 won on time"]

1. d4 Nf6 2. c4 e6 3. Nc3 d5 4.
cxd5 exd5 5. Bg5 Be7 6. e3 O-O 7. Bd3 c6 8. Nge2 Nbd7 9. Qc2 h6 10. Bh4 Re8 11. O-O b5 12. a3 Bb7 13. b4 a5 14.
Rab1 axb4 15. axb4 Nb6 16. f3 Nc4 17. Bxc4 bxc4 18. Kh1 Qd7 19. Na4 Qc7 20. Nc5 Bc8 21. Bf2 Nd7 22. Nc3 Nxc5 23. bxc5 g6 24. Ra1 Be6 25.
Bg3 Qd7 26. Na4 Bf5 27. Qd2 Qe6 28. Nb6 Rxa1 29. Rxa1 Bg5 30. f4 Bf6 31. Bf2 Qe4 32. Na4 Ra8 33. Qc3 Qc2 34. Be1 Rxa4 35. Rc1 Qxc3 36.
Bxc3 Ra2 0-1

[Event "Early-Titled-Tuesday-Blitz-February-27-2024"]
[Site "Chess.com"]
[Date "2024.02.27"]
[Round "2"]
[White "Baronessa08"]
[Black "Szparu"]
[Result "0-1"]
[WhiteElo "2538"]
[BlackElo "2765"]
[TimeControl "180+1"]
[EndTime "8:17:12 PST"]
[Termination "Szparu won by resignation"]

1. Nf3 c5 2. b3 Nc6 3. Bb2 d5 4. e3 f6 5. d4 cxd4 6. exd4 Bg4 7. c4 e6 8. Bd3 Bb4+ 9. Nbd2 Bxf3 10. Qxf3 Bxd2+ 11. Kxd2 dxc4 12. Bxc4 Nxd4 13. Qd3 e5 14. Bxd4 Qxd4 15.
Qxd4 exd4 16. Rhe1+ Ne7 17. Re4 Kd7 18. Rxd4+ Kc7 19. Re1 Nc6 20. Rg4 Rad8+ 21. Kc1 Rd7 22. f4 Nd4 23. h4 b5 24. Bf1 Kb6 25. Kb2 Rc8 26. Rc1 Rxc1 27. Kxc1 Nf5 28. Be2 h5 29.
Rg6 Nxh4 30. Rg3 Nf5 31. Rh3 g6 32. g4 hxg4 33. Bxg4 Rc7+ 34. Kd2 Nd6 35. Rh6 Rg7 36. Bf3 Nf5 37. Rh8 Rd7+ 38. Kc3 Rc7+ 39. Kd3 Rd7+ 40. Kc3 a5 41. Rb8+ Kc5 42. Rc8+ Kd6 43. Rb8 b4+ 44.
Kd3 Kc7+ 0-1

[Event "Early-Titled-Tuesday-Blitz-February-27-2024"]
[Site "Chess.com"]
[Date "2024.02.27"]
[Round "2"]
[White "C_K_G"]
[Black "Josetricks"]
[Result "0-1"]
[WhiteElo "2155"]
[BlackElo "2483"]
[TimeControl "180+1"]
[EndTime "8:17:12 PST"]
[Termination "Josetricks won on time"]

1. e4 g6 2. Nf3 Bg7 3. d4 c6 4. h3 d5 5. e5 f6 6. exf6 Nxf6 7. Bd3 Nfd7 8. Bg5 Qc7 9. O-O e5 10. dxe5 Nxe5 11. Nxe5 Bxe5 12. Re1 O-O 13. Nc3 Nd7 14. Qg4 Nc5 15. Qh4 Nxd3 16. cxd3 Bf5 17. Rad1 Rae8 18. d4 Bg7 19. Bf4 Qb6 20. Bd6 Rxe1+ 21. Rxe1 Rd8 22. Bc5 Qc7 23. Re7 Rd7 24. Re8+ Kf7 25. Ra8 b6 26.
Qxh7 bxc5 27. Qg8+ Kf6 28. g4 Be6 29. Qh7 cxd4 30.
Ne2 d3 31. Nc3 d2 32. Qh4+ Kf7 33. Qh7 Rd8 34. Rxd8 Qxd8 0-1

[Event "Early-Titled-Tuesday-Blitz-February-27-2024"]
[Site "Chess.com"]
[Date "2024.02.27"]
[Round "2"]
[White "FoxOnTheRun97"]
[Black "FairChess_on_YouTube"]
[Result "0-1"]
[WhiteElo "2659"]
[BlackElo "3108"]
[TimeControl "180+1"]
[EndTime "8:17:13 PST"]
[Termination "FairChess_on_YouTube won on time"]

1. d4 Nf6 2. Bg5 g6 3. Bxf6 exf6 4. e3 d5 5. g3 f5 6. Bg2 c6 7. Ne2 Nd7 8. Nd2 Nf6 9. c4 dxc4 10. Nxc4 Be6 11.
Qd3 Bb4+ 12. Nc3 h5 13. h4 Ng4 14. O-O O-O 15. Ne2 Bxc4 16. Qxc4 Bd6 17. Nf4 Kg7 18. d5 c5 19. Rac1 Qf6 20. Qc3 b5 21. a4 bxa4 22.
Qxf6+ Nxf6 23. Ra1 Rfb8 24. Rfb1 Rb4 25. Nd3 Rc4 26.
Rc1 Rxc1+ 27. Rxc1 Nd7 28. Bf3 Rc8 29. Ra1 Nb6 30.
Bd1 c4 31. Nf4 Rc5 32. Kf1 Rb5 33. Ra2 Rb4 34. Ke2 Be5 35. Kd2 Bxb2 36. Kc2 a3 37.
Be2 Na4 38. d6 Rb6 39. Bxc4 Rxd6 40. Nd5 Rc6 41. Kb3 Nc5+ 42. Kb4 Ne4 43. Kb5 Rc5+ 44. Kb4 a5+ 45. Kb3 Nd2+ 0-1

[Event "Early-Titled-Tuesday-Blitz-February-27-2024"]
[Site "Chess.com"]
[Date "2024.02.27"]
[Round "2"]
[White "Njal28"]
[Black "djano"]
[Result "1-0"]
[WhiteElo "3003"]
[BlackElo "2630"]
[TimeControl "180+1"]
[EndTime "8:17:13 PST"]
[Termination "Njal28 won by checkmate"]

1. d4 d5 2. Nf3 e6 3. c4 c5 4.
cxd5 exd5 5. Nc3 Nc6 6. g3 Nf6 7. Bg2 Be6 8. O-O c4 9. Bg5 Be7 10. e3 O-O 11. Nd2 Qa5 12. a3 Rfd8 13. Qc2 Ne8 14.
Bxe7 Nxe7 15. Rfe1 Nf6 16. Nf3 h6 17. Ne5 Rac8 18.
Rad1 b5 19. e4 b4 20. axb4 Qxb4 21. exd5 Nexd5 22. Nxd5 Bxd5 23. Bxd5 Rxd5 24. Re3 Rb5 25. Re2 a5 26. Rde1 Rd5 27. Ng4 Nh7 28. Ne3 Rdd8 29.
Nf5 Rb8 30. Ne7+ Kh8 31. Nc6 Qb5 32. Nxb8 Qxb8 33. Qxc4 Ng5 34. Qc6 Rc8 35. Re8+ Kh7 36. Rxc8 Qb4 37. Qc2+ g6 38. Qc3 Qb7 39. d5 Nh3+ 40.
Kg2 Ng5 41. Rh8# 1-0

[Event "Early-Titled-Tuesday-Blitz-February-27-2024"]
[Site "Chess.com"]
[Date "2024.02.27"]
[Round "2"]
[White "GoValya"]
[Black "noblerone"]
[Result "0-1"]
[WhiteElo "2274"]
[BlackElo "2521"]
[TimeControl "180+1"]
[EndTime "8:17:13 PST"]
[Termination "noblerone won by resignation"]

1. d4 d5 2. Nf3 Nf6 3. g3 Bf5 4. c4 e6 5. Nc3 c6 6. Bg2 Nbd7 7. O-O Be7 8. Nd2 O-O 9. f3 Qb6 10. c5 Qc7 11. e4 dxe4 12. fxe4 Bg4 13. Nf3 e5 14. b4 exd4 15. Qxd4 Rad8 16. Bf4 Qc8 17. Qe3 Nh5 18. h3 Nxf4 19. gxf4 Bh5 20.
e5 b6 21. Ne4 bxc5 22. bxc5 Qa6 23. Rac1 Qxa2 24. Nfg5 h6 25. e6 Nf6 26. Nc3 Qb3 27. exf7+ Bxf7 28. Qxe7 Rd2 29. Qe3 Rfd8 30. Rf2 Rxf2 31.
Qxf2 hxg5 32. fxg5 Nh5 33. Rf1 Bg6 34. Ne4 Bxe4 35.
Bxe4 Qg3+ 36. Qxg3 Nxg3 37. Rf4 Ne2+ 0-1

[Event "Early-Titled-Tuesday-Blitz-February-27-2024"]
[Site "Chess.com"]
[Date "2024.02.27"]
[Round "2"]
[White "HanSchut"]
[Black "bulletteemo"]
[Result "0-1"]
[WhiteElo "2305"]
[BlackElo "2570"]
[TimeControl "180+1"]
[EndTime "8:17:14 PST"]
[Termination "bulletteemo won on time"]

1. e4 c5 2. Nf3 d5 3. exd5 Nf6 4. Bb5+ Bd7 5. Nc3 Bxb5 6. Nxb5 Nxd5 7. Ne5 Nf6 8. Qf3 Qb6 9. Qe2 e6 10. O-O Be7 11. a4 Nc6 12. c3 O-O 13. d3 Rad8 14. Nc4 Qa6 15. Bf4 Nd5 16. Bd6 Bxd6 17. Ncxd6 Na5 18. Ne4 Qc6 19. Rfd1 a6 20. Na3 Nb3 21.
Rab1 Qxa4 22. Nc4 Qc6 23. Qf3 f5 24. Ng5 h6 25. Nh3 Ne7 26. Qg3 Rf6 27. Ne5 Qc7 28. f4 b5 29. d4 cxd4 30. cxd4 Nxd4 31. Qf2 Qc5 32. Rbc1 Ne2+ 33. Kf1 Rxd1+ 34. Rxd1 Qxf2+ 35. Kxf2 Nxf4 0-1

[Event "Early-Titled-Tuesday-Blitz-February-27-2024"]
[Site "Chess.com"]
[Date "2024.02.27"]
[Round "2"]
[White "LikeWater"]
[Black "ChadBiryani"]
[Result "1-0"]
[WhiteElo "2718"]
[BlackElo "2406"]
[TimeControl "180+1"]
[EndTime "8:17:14 PST"]
[Termination "LikeWater won on time"]

1. e4 d6 2. d4 Nf6 3. Nc3 e5 4.
Nge2 Nc6 5. h3 g6 6. g4 Bg7 7.
dxe5 Nxe5 8. Bg2 O-O 9. O-O Nexg4 10. hxg4 Nxg4 11. f3 Ne5 12. Bf4 Nc4 13. b3 Nb6 14. Qd2 Be6 15. Bh6 Qh4 16. Bxg7 Kxg7 17. Qf4 Qe7 18. Nd4 Bd7 19. Rae1 Rae8 20. a4 a6 21. a5 Nc8 22. Nd5 Qd8 23. Qd2 c6 24. Ne3 Re5 25.
Nc4 Rh5 26. Qf4 Be6 27. Nxe6+ fxe6 28. Qg3 Rg5 29. Qh3 d5 30. Ne3 Qxa5 31. Qxe6 Qc5 32.
exd5 cxd5 33. Rf2 d4 34. Ng4 d3 35. cxd3 h5 36. Ne5 h4 37. Nd7 Qf5 38. Nxf8 1-0

[Event "Early-Titled-Tuesday-Blitz-February-27-2024"]
[Site "Chess.com"]
[Date "2024.02.27"]
[Round "2"]
[White "GMJustin"]
[Black "ProChessWICTH"]
[Result "1-0"]
[WhiteElo "2338"]
[BlackElo "2530"]
[TimeControl "180+1"]
[EndTime "8:17:15 PST"]
[Termination "GMJustin won on time"]

1. d4 Nf6 2. c4 g6 3. Nc3 d5 4. Nf3 Bg7 5. Qb3 dxc4 6. Qxc4 O-O 7. e4 Nbd7 8. e5 Nb6 9. exf6 Nxc4 10. fxg7 Kxg7 11.
Bxc4 Bg4 12. Be3 Bxf3 13. gxf3 a6 14. O-O-O b5 15. Bd3 c6 16. Kb1 a5 17. h4 h5 18. Ne4 b4 19. Nc5 a4 20. Rhg1 Qc8 21.
Rg3 Rd8 22. Rc1 Ra5 23. Be4 Kg8 24. Rcg1 Qb8 25. Bxg6 fxg6 26. Rxg6+ Kf7 27. Rg7+ Kf6 28. R1g6+ Kf5 29. Rg5+ Kf6 30. Ne4+ Ke6 31. Rxa5 b3 32. a3 Qh2 33. Re5+ Kd7 34. Rexe7+ Kc8 35. Rc7+ Kb8 36. Rb7+ Ka8 37. Ra7+ Kb8 38. Rgb7+ Kc8 39. Nc5 Qh1+ 40. Bc1 1-0

[Event "Early-Titled-Tuesday-Blitz-February-27-2024"]
[Site "Chess.com"]
[Date "2024.02.27"]
[Round "2"]
[White "tarno17"]
[Black "WindWhistler11"]
[Result "0-1"]
[WhiteElo "2153"]
[BlackElo "2478"]
[TimeControl "180+1"]
[EndTime "8:17:15 PST"]
[Termination "WindWhistler11 won on time"]

1. e4 e6 2. d4 d5 3. Nd2 Nc6 4. c3 Nf6 5. e5 Nd7 6. Bd3 f6 7.
exf6 Qxf6 8. Ndf3 Bd6 9. Bg5 Qf7 10. Bh4 h6 11. Qc2 Nf8 12. Ne2 Bd7 13. b4 Ne7 14. a4 Nf5 15. Bg3 Ng6 16. O-O-O a5 17. b5 Nge7 18. Nh4 Nxh4 19. Bxh4 O-O-O 20. Bg3 Kb8 21.
Bxd6 cxd6 22. f3 Rc8 23. Qd2 Rc7 24. Kb2 Rhc8 25. Rc1 Qf6 26. Rc2 e5 27. Rhc1 Nf5 28. c4 e4 29. fxe4 Nxd4 30. Nxd4 Qxd4+ 31. Qc3 Qxc3+ 32.
Rxc3 d4 33. R3c2 Be6 34. Kb3 Rf8 35. Rf1 Rxf1 36. Bxf1 Rf7 37. Bd3 Rf4 38. Re2 b6 39. g3 Rf3 40. Kc2 Kc7 41. Re1 Kd7 42. Rf1 Re3 43.
Rf2 Ke7 44. Kd2 Bg4 45. Rf4 Bh5 46. Rh4 Bg6 47. Rf4 Ke6 48. Rf8 Ke5 49. Rd8 Rf3 50. Rc8 Rf2+ 51. Be2 Bh5 52. Re8+ Bxe8 0-1

[Event "Early-Titled-Tuesday-Blitz-February-27-2024"]
[Site "Chess.com"]
[Date "2024.02.27"]
[Round "2"]
[White "Alina_Gumerovna"]
[Black "claudyna16"]
[Result "0-1"]
[WhiteElo "2093"]
[BlackElo "2456"]
[TimeControl "180+1"]
[EndTime "8:17:15 PST"]
[Termination "claudyna16 won on time"]

1. e4 e5 2. Nf3 Nc6 3. Bb5 a6 4. Ba4 d6 5. d4 b5 6. Bb3 exd4 7. Bd5 Bb7 8. Nxd4 Na5 9. O-O Nf6 10. Bxb7 Nxb7 11.
Bg5 c5 12. Nf5 g6 13. e5 gxf5 14. Bxf6 Qd7 15. Bxh8 O-O-O 16. Bf6 Re8 17. Nc3 Qe6 18. f4 dxe5 19. fxe5 c4 20. Qd5 Bc5+ 21. Kh1 b4 22.
Qxe6+ fxe6 23. Na4 Ba7 24. c3 a5 25. cxb4 axb4 26. Rac1 Na5 27. Rfd1 Kc7 28. a3 bxa3 29.
bxa3 Rb8 30. Nc3 Nb3 31. Rc2 Nd4 32. Rcd2 Rb3 33. Ne2 Nxe2 34. Rxe2 c3 35. Bd8+ Kc6 36. Be7 Kb5 37. h4 Kc4 38. Rd7 Bd4 39. Rc2 Kd3 40. Rc1 c2 41. Rxd4+ Kxd4 0-1

[Event "Early-Titled-Tuesday-Blitz-February-27-2024"]
[Site "Chess.com"]
[Date "2024.02.27"]
[Round "2"]
[White "Pedrada88"]
[Black "GMAkobianSTL"]
[Result "0-1"]
[WhiteElo "2557"]
[BlackElo "2803"]
[TimeControl "180+1"]
[EndTime "8:17:17 PST"]
[Termination "GMAkobianSTL won by checkmate"]

1. Nf3 d5 2. g3 Nf6 3. Bg2 Bg4 4. O-O Nbd7 5. d4 e6 6. Nbd2 Be7 7. Re1 O-O 8. e4 dxe4 9. Nxe4 Nxe4 10. Rxe4 Nf6 11. Re1 c6 12. c3 Qc7 13. Bf4 Bd6 14. Bxd6 Qxd6 15. Qb3 Bxf3 16. Bxf3 Qc7 17. a4 a6 18. a5 Rfd8 19. Ra4 Rd7 20. Rb4 Rad8 21. Kg2 g6 22. h4 h5 23. Re5 Kg7 24. Qc4 Nd5 25. Bxd5 exd5 26. Qc5 Rb8 27. Rb6 f6 28. Re3 Kf7 29. Qb4 Re8 30. Rxe8 Kxe8 31. Qb3 Kf7 32. c4 dxc4 33.
Qxc4+ Kg7 34. Qb4 Kf7 35. Qb3+ Kg7 36. Qb4 Re7 37. Qb3 Qd7 38. Qc4 Kf8 39. d5 cxd5 40. Rxf6+ Rf7 41. Qc5+ Kg7 42. Rd6 Qf5 43. Rxd5 Qf3+ 44.
Kh2 Qxf2+ 45. Qxf2 Rxf2+ 46. Kh3 Rxb2 47. Rd7+ Kf6 48.
Rd6+ Kf5 49. Rd5+ Ke6 50. Rg5 Kf6 51. Rc5 Rb5 52. Rc7 Kf5 53. Rf7+ Ke4 54. Re7+ Kf3 55.
Rf7+ Ke2 56. Re7+ Kf2 57. Rf7+ Kg1 58. Rf4 Rb2 59. g4 Rb3+ 60. Rf3 Rxf3# 0-1

[Event "Early-Titled-Tuesday-Blitz-February-27-2024"]
[Site "Chess.com"]
[Date "2024.02.27"]
[Round "2"]
[White "Rogarcia1"]
[Black "tetrix83"]
[Result "1-0"]
[WhiteElo "2408"]
[BlackElo "2524"]
[TimeControl "180+1"]
[EndTime "8:17:17 PST"]
[Termination "Rogarcia1 won by checkmate"]

1. e4 c5 2. Nf3 d6 3. d4 cxd4 4. Nxd4 Nf6 5. Nc3 a6 6. f3 e6 7. Be3 b5 8. g4 Qc7 9. a4 b4 10.
Nce2 d5 11. g5 Nfd7 12. exd5 exd5 13. Nf4 Bb7 14. Bh3 Bd6 15. Qd2 Ne5 16. b3 O-O 17. O-O-O g6 18. Kb1 Nbd7 19. Bf1 Nb6 20. h4 Nec4 21.
bxc4 Nxc4 22. Bxc4 dxc4 23. Nde6 fxe6 24. Qxd6 Qxd6 25.
Rxd6 Bxf3 26. Re1 Rfd8 27. Rxe6 b3 28. cxb3 cxb3 29. Kb2 Rac8 30. Kxb3 Bg4 31. Rb6 Bd1+ 32.
Kb2 Rc2+ 33. Kb1 Rh2 34. Rb2 Rxh4 35. Ne6 Rd3 36. Nd4 Bxa4 37. Nf3 Rc4 38. Rb8+ Kg7 39.
Bd4+ Rcxd4 40. Nxd4 Rxd4 41. Re7# 1-0

[Event "Early-Titled-Tuesday-Blitz-February-27-2024"]
[Site "Chess.com"]
[Date "2024.02.27"]
[Round "2"]
[White "Kotofeyca"]
[Black "baki83"]
[Result "0-1"]
[WhiteElo "2421"]
[BlackElo "2839"]
[TimeControl "180+1"]
[EndTime "8:17:18 PST"]
[Termination "baki83 won by resignation"]

1. d4 d5 2. c4 e6 3. Nc3 a6 4. cxd5 exd5 5. Nf3 Nf6 6. Qc2 Be6 7. Bg5 Nbd7 8. e3 h6 9. Bh4 Bd6 10. Be2 O-O 11. O-O Re8 12. Rfd1 c6 13. a3 Qc7 14. Na4 Ne4 15. b4 Bf5 16. Bd3 Bg4 17. Bg3 Ng5 18. Be2 Nxf3+ 19. gxf3 Bh5 20. Nc5 Rab8 21. Kg2 Nf8 22.
Bd3 Qe7 23. a4 Qf6 24. Be2 Re7 25. Rab1 Ng6 26. Re1 Rbe8 27. Bxd6 Qxd6 28. Nd3 Nh4+ 29. Kh1 Bxf3+ 30. Bxf3 Nxf3 31. Nf4 Nxe1 32. Rxe1 Re4 33. Rg1 Rxf4 34. exf4 Qxf4 35. Rg3 Qe4+ 36. Qxe4 Rxe4 37. Rd3 Rf4 38. Kg2 g5 39. Kg3 Kf8 40. f3 Ke7 41. h3 Kd6 42. Kf2 h5 43. Ke3 Rh4 44. b5 axb5 45.
axb5 Rxh3 46. bxc6 bxc6 47. Ra3 g4 48. Kf4 Rxf3+ 49.
Rxf3 gxf3 50. Kxf3 f5 0-1

[Event "Early-Titled-Tuesday-Blitz-February-27-2024"]
[Site "Chess.com"]
[Date "2024.02.27"]
[Round "2"]
[White "NikitaShnadrygin"]
[Black "davigator"]
[Result "0-1"]
[WhiteElo "2626"]
[BlackElo "2410"]
[TimeControl "180+1"]
[EndTime "8:17:19 PST"]
[Termination "davigator won on time"]

1. e4 c5 2. Nf3 Nc6 3. d4 cxd4 4. Nxd4 Nf6 5. Nc3 d6 6. f3 e5 7. Nb3 Be6 8. Be3 Be7 9. Qd2 O-O 10. O-O-O a5 11.
Bb5 Nb4 12. a3 Nc6 13. Kb1 Qb8 14. g4 Rc8 15. h4 Na7 16. Bxa7 Qxa7 17. h5 h6 18. g5 hxg5 19. Rdg1 Nh7 20. Nd5 Bd8 21. a4 b6 22. Nc1 Qb7 23. Ne2 Bxd5 24. exd5 Rc5 25.
Bc6 Rxc6 26. dxc6 Qxc6 27. Nc3 Nf8 28. Qd5 Rc8 29. Qxc6 Rxc6 30. Nd5 Ne6 31. b3 Nd4 32. Rg2 Nxf3 33. h6 gxh6 34. Rxh6 Kg7 35. Rh3 e4 36. Ne3 Kg6 37. Rh8 Bf6 38. Rg8+ Kh7 39. Re8 Bc3 40. Kc1 d5 41. Nxd5 Rd6 42. Ne7 Bd2+ 43. Kb2 Bf4 44. Nf5 Rd5 0-1

[Event "Early-Titled-Tuesday-Blitz-February-27-2024"]
[Site "Chess.com"]
[Date "2024.02.27"]
[Round "2"]
[White "mary-sanna"]
[Black "db-banana"]
[Result "0-1"]
[WhiteElo "2161"]
[BlackElo "2484"]
[TimeControl "180+1"]
[EndTime "8:17:20 PST"]
[Termination "db-banana won by checkmate"]

1. d4 Nf6 2. c4 e6 3. Nf3 c5 4. d5 exd5 5. cxd5 Bd6 6. Nc3 O-O 7.
g3 Bc7 8. d6 Ba5 9. Bg2 Nc6 10. O-O Re8 11. Re1 Ne4 12. Qd3 Nb4 13. Qb1 Nxc3 14. bxc3 Nd5 15. Bg5 Qb6 16. Qd3 Nxc3 17. Bd2 Ne4 18. Rab1 c4 19. Bxa5 Qxf2+ 20. Kh1 cxd3 21. exd3 b6 22. dxe4 bxa5 23. e5 Ba6 24. Ng5 Bd3 25. Rbc1 Rac8 26. Rcd1 Rc2 27. Rg1 h6 28. Nh3 Qe3 29. Rge1 Re2 30. Rg1 Be4 31. Nf4 Bxg2+ 32. Rxg2 Re1+ 33. Rxe1 Qxe1+ 34. Rg1 Qe4+ 35. Rg2 Qxe5 36. Nd3 Qa1+ 37. Rg1 Qxa2 38. Nf4 g5 39. Nh5 Qd5+ 40. Rg2 Re1# 0-1

[Event "Early-Titled-Tuesday-Blitz-February-27-2024"]
[Site "Chess.com"]
[Date "2024.02.27"]
[Round "2"]
[White "NewBornNow"]
[Black "CM_rui"]
[Result "0-1"]
[WhiteElo "2874"]
[BlackElo "2612"]
[TimeControl "180+1"]
[EndTime "8:17:21 PST"]
[Termination "CM_rui won on time"]

1. e4 e5 2. Nf3 Nc6 3. Nc3 Nf6 4. Bb5 Bb4 5. O-O O-O 6. Bxc6 bxc6 7. Nxe5 Bxc3 8.
dxc3 Nxe4 9. Re1 d5 10. f3 Qf6 11. fxe4 Qxe5 12. exd5 Qxd5 13. Bf4 Bf5 14. Bxc7 Rac8 15. Qxd5 cxd5 16. Bd6 Rfe8 17. Rxe8+ Rxe8 18. Rd1 Re2 19. Rxd5 Be4 20. Rg5 f6 21. Rg3 Rxc2 22. b4 h5 23.
h4 Rxa2 24. Bc5 Bd5 25. Kf1 Kf7 26. Ke1 Bxg2 27. Bxa7 Bd5 28. Bd4 Bc4 29. Re3 g5 30. Rf3 gxh4 31. Rxf6+ Ke7 32. Rh6 h3 33. Rxh5 h2 34.
Rh7+ Ke6 35. Rh6+ Kf5 0-1

[Event "Early-Titled-Tuesday-Blitz-February-27-2024"]
[Site "Chess.com"]
[Date "2024.02.27"]
[Round "2"]
[White "SuperBlitz2013"]
[Black "joksijoksi"]
[Result "1-0"]
[WhiteElo "2224"]
[BlackElo "2480"]
[TimeControl "180+1"]
[EndTime "8:17:22 PST"]
[Termination "SuperBlitz2013 won by checkmate"]

1. e4 g6 2. d4 Bg7 3. Nc3 d6 4.
Nf3 Nd7 5. Be2 Ngf6 6. O-O e5 7. Re1 O-O 8. h3 Nh5 9. Bg5 f6 10. Be3 f5 11. exf5 gxf5 12. dxe5 dxe5 13. Nxe5 Bxe5 14. Bxh5 Qf6 15. Nd5 Qd6 16. Bh6 c6 17. Bxf8 Qxf8 18. Nc3 Qh6 19. Qf3 Qf6 20. Rad1 Nf8 21.
Qe2 Bd6 22. Qc4+ Kg7 23. Rxd6 Qxd6 24. Qf7+ Kh6 25. Re7 Be6 26. Qf6+ Kxh5 27. Rg7 h6 28. g4+ fxg4 29. hxg4+ Bxg4 30. Qxd6 Re8 31. Rg8 Re1+ 32. Kh2 Nh7 33. Qc5+ Ng5 34. f4 Bf3 35. fxg5 Rh1+ 36. Kg3 Rg1+ 37. Kxf3 Rf1+ 38. Ke2 Rg1 39. gxh6+ Kxh6 40. Rxg1 Kh7 41. Qf8 c5 42. Qg7# 1-0

[Event "Early-Titled-Tuesday-Blitz-February-27-2024"]
[Site "Chess.com"]
[Date "2024.02.27"]
[Round "2"]
[White "francyIM"]
[Black "ValeriyGrinev"]
[Result "0-1"]
[WhiteElo "2787"]
[BlackElo "2573"]
[TimeControl "180+1"]
[EndTime "8:17:23 PST"]
[Termination "ValeriyGrinev won on time"]

1. d4 d5 2. Bf4 e6 3. e3 Nf6 4. c3 Bd6 5. Bg3 O-O 6. Nd2 c5 7. Bd3 Qc7 8. Bh4 Nbd7 9. f4 cxd4 10. cxd4 b6 11. Ngf3 a5 12. Rc1 Qa7 13. Ne5 Ba6 14. Bxa6 Qxa6 15. Qe2 Qxe2+ 16. Kxe2 Rfc8 17. Bxf6 Nxf6 18.
a3 Kf8 19. h3 Bxe5 20. dxe5 Nd7 21. Nf3 Nc5 22. Nd4 Ne4 23. Rhe1 Rc5 24. Rc2 Rxc2+ 25.
Nxc2 Rc8 26. Nd4 Ke7 27. g4 f6 28. exf6+ gxf6 29. Kf3 e5 30. Nf5+ Ke6 31. Re2 Rc1 32. Ng7+ Kd6 33. Nf5+ Kc5 34. Ng3 Nxg3 35. Kxg3 e4 36. Rd2 Rf1 37. Rf2 Rxf2 38. Kxf2 d4 39. Ke2 d3+ 40. Kd2 Kd6 41. Kc3 h5 42. Kd2 Ke6 43. b3 b5 44. Kc3 Kf7 0-1

[Event "Early-Titled-Tuesday-Blitz-February-27-2024"]
[Site "Chess.com"]
[Date "2024.02.27"]
[Round "2"]
[White "Makswolf200817"]
[Black "koncheto"]
[Result "1-0"]
[WhiteElo "2727"]
[BlackElo "2444"]
[TimeControl "180+1"]
[EndTime "8:17:24 PST"]
[Termination "Makswolf200817 won on time"]

1. e4 c5 2. Nf3 d6 3. d4 cxd4 4.
Nxd4 Nf6 5. Nc3 Nc6 6. f3 e6 7. Be3 a6 8. Qd2 Qc7 9. g4 b5 10. a3 Be7 11. h4 Ne5 12. O-O-O Nfd7 13. g5 Nb6 14. Nb3 Nbc4 15. Bxc4 Nxc4 16. Qd4 e5 17. Nd5 exd4 18. Nxc7+ Kd7 19. Nxa8 dxe3 20. Nd4 Bb7 21. b3 Nxa3 22. Nb6+ Kc7 23. Nd5+ Bxd5 24. exd5 h6 25. Kb2 b4 26. Nf5 Bd8 27. f4 hxg5 28. hxg5 Re8 29. Rde1 g6 30. Rxe3 Rg8 31. Nh6 Rf8 32.
c3 f6 33. cxb4 Nb5 34. f5 fxg5 35. fxg6 Bf6+ 36. Kb1 Bd4 37. Re7+ Kb6 38. g7 Rf2 39. g8=Q Na3+ 40. Kc1 1-0